 Dungeon Crawl Stone Soup version 0.28.0-53-g5a82cb258f (webtiles) character file.

Game seed: 8300970938426291543

13 mcbry74 the Chopper (level 2, -2/26 HPs)
             Began as a Minotaur Berserker on June 22, 2022.
             Was a Follower of Trog.
             Slain by Jessica
             ... wielding a +2 dagger of venom
              (5 damage)
             ... on level 2 of the Dungeon.
             The game lasted 00:01:59 (628 turns).

mcbry74 the Chopper (Minotaur Berserker)             Turns: 628, Time: 00:02:02

Health: -2/26      AC:  2    Str: 21    XL:     2   Next: 24%
Magic:  1/1        EV: 12    Int:  4    God:    Trog [*.....]
Gold:   31         SH:  0    Dex:  9    Spells: 1/1 levels left

rFire   . . .      SeeInvis .   a - +0 hand axe
rCold   . . .      Faith    .   (no shield)
rNeg    . . .      Spirit   .   b - +0 animal skin
rPois   .          Reflect  .   (helmet restricted)
rElec   .          Harm     .   (no cloak)
rCorr   .          Rampage  .   (no gloves)
Will    .....                   (no boots)
Stlth   +.........              (no amulet)
HPRegen 0.08/turn               (no ring)
MPRegen 0.07/turn               (no ring)

@: confused, lethally poisoned (-2 -> -12), ambrosia-drunk
A: horns 2, retaliatory headbutt
a: Renounce Religion, Berserk


You were on level 2 of the Dungeon.
You worshipped Trog.
Trog was aware of your devotion.
You visited 1 branch of the dungeon, and saw 2 of its levels.

You collected 31 gold pieces.

Inventory:

Hand Weapons
 a - a +0 hand axe (weapon)
Missiles
 d - 10 sling bullets
Armour
 b - a +0 animal skin (worn)
Jewellery
 f - an amulet of reflection
Scrolls
 e - a scroll of fear {unknown}
Potions
 c - a potion of ambrosia


   Skills:
 - Level 3.6 Fighting
 + Level 4.5 Axes
 - Level 2.4 Armour
 - Level 2.1 Dodging


You had one spell level left.
You didn't know any spells.
Your spell library was empty.

Dungeon Overview and Level Annotations

Branches:
Dungeon (2/15)

Altars:

Annotations:
D:2 Jessica


Innate Abilities, Weirdness & Mutations

You have a pair of horns on your head.
You reflexively headbutt those who attack you in melee.


Message History

The rat closely misses you.
You completely miss the rat. You headbutt the rat.
You kill the rat!
Trog accepts your kill.
There is a stone staircase leading down here.
You now have 31 gold pieces (gained 3).
Found a ring mail.
c - 2 inky potions (gained 1) Done exploring.
There is a stone staircase leading down here.
You climb downwards.
Found a leather armour.
There is a stone staircase leading up here.
There is a stone staircase leading up here.
f - an amulet of reflection
Found 5 poisoned darts.
Jessica the Apprentice Sorceress comes into view.
She is wielding a +2 dagger of venom and wearing a +2 robe of willpower.
You see here 5 poisoned darts.
You barely miss Jessica. Your headbutt misses Jessica.
Jessica hits you with a +2 dagger of venom.
You are poisoned.
You hit Jessica.
Jessica is severely wounded.
You feel very sick. Jessica closely misses you.
Jessica hits you with a +2 dagger of venom.
You are lethally poisoned!
You closely miss Jessica.
Jessica is severely wounded.
You feel very sick. Jessica gestures at you while chanting.
Pain shoots through your body!
* * * LOW HITPOINT WARNING * * *
It was a potion of ambrosia.
You are confused.
You feel invigorated.
* * * LOW HITPOINT WARNING * * *
You feel very sick.
Jessica hits you with a +2 dagger of venom.
You die...

#.................#
#..#.#.[###..###..#
#.......# #..###..#
#......##
#..#....## ..##.###
#..#.#...### ## #.
#............ ..
##.......####
###.##### #@# #@#
#.# ..# ..# ....
#..# #...


You could see Jessica.

Vanquished Creatures
  An endoplasm (D:1)
  A giant cockroach (D:1)
  4 jackals (D:1)
  2 bats (D:1)
  2 frilled lizards (D:1)
  A kobold (D:1)
  2 rats (D:1)
13 creatures vanquished.

Notes
Turn   | Place    | Note
-------+----------+-------------------------------------------
     0 | D:1      | mcbry74 the Minotaur Berserker began the quest for the Orb.
     0 | D:1      | Reached XP level 1. HP: 19/19 MP: 0/0
    54 | D:1      | Found a faded altar of an unknown god.
    66 | D:1      | Reached skill level 4 in Axes
   246 | D:1      | Reached XP level 2. HP: 26/26 MP: 1/1
   620 | D:2      | Noticed Jessica
   628 | D:2      | Slain by Jessica

Illustrated notes

Levels and vault maps discovered:
D:1:      lemuel_arrival_cross, layout_rooms,
          hellmonk_ecumenical_altar_dog_temple, columned_hall_lemuel
D:2:      layout_loops_cross, basic_altar, amcnicky_mini_pool_small,
          uniq_terence, uniq_jessica

Skill      XL: |  1 |
---------------+----+-----
Axes           | 4 |  4.5
Fighting       | |  3.6
Armour         | |  2.4
Dodging        | |  2.1

Action                   || total
-------------------------++-------
Melee: Hand axe          ||    30
       Headbutt          ||     6
  Use: Potion            ||     1
Armor: Animal skin       ||    10
Dodge: Dodged            ||    18
